 Dungeon Crawl Stone Soup version 0.25.0-10-g039870ee82 (webtiles) character file.

Game seed: 16187950611997811864

1468 Stil the Destroyer (level 8, -4/41 HPs)
             Began as a Deep Elf Conjurer on June 23, 2020.
             Was a Believer of Vehumet.
             Killed from afar by an electric eel (12 damage)
             ... with a bolt of electricity
             ... on level 5 of the Dungeon.
             The game lasted 00:30:17 (7119 turns).

Stil the Destroyer (Deep Elf Conjurer)              Turns: 7119, Time: 00:30:18

Health: -4/41      AC:  3    Str:  5    XL:     8   Next: 48%
Magic:  16/21      EV: 16    Int: 23    God:    Vehumet [**....]
Gold:   244        SH:  0    Dex: 15    Spells: 10/21 levels left

rFire    . . .     SeeInvis +   q - +1 long sword (pain)
rCold    . . .     Gourm    .   (no shield)
rNeg     . . .     Faith    .   C - +0 robe
rPois    .         Spirit   .   n - +1 hat
rElec    .         Reflect  .   (no cloak)
rCorr    .         Harm     .   (no gloves)
MR       +....                  (no boots)
Stlth    ++........             (no amulet)
HPRegen  0.13/turn              x - ring of see invisible
MPRegen  0.17/turn              y - ring of protection from magic

@: no status effects
A: no striking features
a: Renounce Religion


You were on level 5 of the Dungeon.
You worshipped Vehumet.
Vehumet was pleased with you.
You were hungry.

You visited 1 branch of the dungeon, and saw 5 of its levels.

You collected 244 gold pieces.

Inventory:

Hand Weapons
 a - the +1 mace of the Big Bang {vorpal, rPois MR+++ Str-5}
   (You found it on level 5 of the Dungeon)

   It inflicts extra damage upon your enemies.
   It affects your strength (-5).
   It protects you from poison.
   It affects your resistance to hostile enchantments.
 f - a +0 short sword
 q - a +1 long sword of pain (weapon)
Missiles
 h - 17 poisoned darts (quivered)
Armour
 n - a +1 hat (worn)
 C - a +0 robe (worn)
Jewellery
 i - an uncursed ring of fire
 v - a +4 ring of protection
 x - a ring of see invisible (left hand)
 y - a ring of protection from magic (right hand)
Wands
 b - a wand of digging (6)
Scrolls
 g - a scroll of torment {unknown}
 j - 2 scrolls of enchant weapon
 p - a scroll of teleportation {unknown}
 r - a scroll of blinking
 u - a scroll of remove curse
Potions
 d - 2 potions of might
 e - 2 potions of cancellation
 l - a potion of heal wounds {unknown}
 m - 3 potions of haste
 o - 4 potions of curing
 s - a potion of lignification {unknown}
 t - 2 potions of stabbing
 A - a potion of degeneration {unknown}
Comestibles
 c - 11 rations


   Skills:
 + Level 6.7 Dodging
 - Level 2.4 Stealth
 + Level 7.4 Spellcasting
 * Level 9.4 Conjurations


You had 10 spell levels left.
You knew the following spells:

 Your Spells              Type           Power        Failure   Level  Hunger
a - Magic Dart            Conj           ####         1%          1    None
b - Searing Ray           Conj           ######       1%          2    None
c - Fulminant Prism       Conj/Hex       ####......   11%         4    ###....
d - Foxfire               Conj/Fire      ####         1%          1    None
e - Mephitic Cloud        Conj/Pois/Air  ###.....     6%          3    None

Your spell library contained the following spells:

 Spells                   Type           Power        Failure   Level  Hunger
 Ignite Poison            Fire/Tmut/Pois #.......     22%         3    None
 Conjure Flame            Conj/Fire      ####....     3%          3    None
 Dazzling Flash           Conj/Hex       ####..       3%          3    None
 Blink                    Tloc           N/A          11%         2    None
 Call Imp                 Summ           #.......     11%         2    None
 Slow                     Hex            #.......     11%         2    None
 Iskenderun's Mystic Bla  Conj/Tloc      ####....     11%         4    ###....


Dungeon Overview and Level Annotations

Branches:
Dungeon (5/15)
 Temple: D:4-7

Altars:
Fedhas
Hepliaklqana
Qazlal
Uskayaw
Vehumet
Xom
Yredelemnul
The Shining One

Annotations:
D:3 2 transporters, Flugkiller's ghost, weakling DDFi


Message History

(Press . to maintain the ray.)
The electric eel shoots out a bolt of lightning at you!
The bolt of electricity hits you!
The searing ray hits the plant!
The plant is heavily damaged.
The electric eel shoots out a bolt of lightning at you!
The bolt of electricity hits you!
The searing ray hits the plant!
The plant is severely damaged.
The electric eel shoots out a bolt of lightning at you!
The bolt of electricity hits you.
The searing ray hits the plant but does no damage.
The plant is severely damaged.
You finish channeling your searing ray.
The electric eel shoots out a bolt of lightning at you!
The bolt of electricity hits you.
* * * LOW HITPOINT WARNING * * *
The electric eel shoots out a bolt of lightning at you!
The bolt of electricity misses you. The bolt of electricity hits you!
You die...

..#.)#...# ##..# ######..##
..#.###..##########
##........# ....#
#.##≈≈≈≈≈...## #..........
...## ###≈########≈##
##......### ...#
#.##≈÷$P..##≈# #......# #
..## #.#≈≈.≈....#≈#
##....## ..# #.#≈.)P....#≈#
##...# ..# #≈#≈≈/PP..'#.#
#...# .## ##≈##≈;...@#..#
##...# ## ##≈##########.###
#..### ## #≈##≈.≈P..##≈≈#.#
##..# .## #≈#≈≈≈.P...#≈##.#
#..## ..##
#.#≈..÷....#≈#..###..#
...###.#≈≈.≈P..'#.#..##...#
##...#'##≈.....#..#...#..##
####....########.###..#..#
# #...........### #....##


You could see an electric eel.

Vanquished Creatures
  A sky beast (D:5)
  An ice beast (D:5)
  An ogre (D:4)
  2 phantoms
  2 necrophages (D:5)
  5 electric eels (D:5)
  A crimson imp (D:5)
  A centaur zombie (D:5)
  A jelly (D:5)
  A hound (D:5)
  5 orc priests
  An orc wizard (D:3)
  3 worker ants (D:4)
  7 gnolls
  7 adders
  An adder skeleton (D:4)
  6 worms
  3 dart slugs
  3 leopard geckos
  19 orcs
  10 bats
  4 giant cockroaches
  9 goblins
  6 hobgoblins
  6 jackals
  9 quokkas
  5 frilled lizards
  7 kobolds
  A leopard gecko skeleton (D:4)
  7 rats
135 creatures vanquished.

Vanquished Creatures (others)
  16 foxfires (D:4)
  2 fulminant prisms (D:5)
18 creatures vanquished.

Grand Total: 153 creatures vanquished

Notes
Turn   | Place    | Note
-------+----------+-------------------------------------------
     0 | D:1      | Stil the Deep Elf Conjurer began the quest for the Orb.
     0 | D:1      | Reached XP level 1. HP: 10/10 MP: 6/6
   398 | D:1      | Reached XP level 2. HP: 15/15 MP: 6/8
  1062 | D:2      | Reached skill level 5 in Conjurations
  1185 | D:2      | Reached XP level 3. HP: 19/19 MP: 6/10
  1367 | D:2      | Reached XP level 4. HP: 14/24 MP: 5/11
  1946 | D:2      | Found a radiant altar of Vehumet.
  1954 | D:2      | Became a worshipper of Vehumet
  1958 | D:2      | Learned a level 2 spell: Searing Ray
  1963 | D:2      | Learned a level 4 spell: Fulminant Prism
  2310 | D:3      | Found a transporter.
  2313 | D:3      | Found a transporter.
  2314 | D:3      | Noticed Flugkiller's ghost (weakling DDFi)
  2338 | D:3      | Noticed an ogre
  2654 | D:3      | Found a glowing golden altar of the Shining One.
  2664 | D:3      | Noticed an angel
  2682 | D:3      | Found a basalt altar of Yredelemnul.
  2960 | D:3      | Found a stormy altar of Qazlal.
  2962 | D:3      | Found a blossoming altar of Fedhas.
  3021 | D:3      | Reached * piety under Vehumet
  3021 | D:3      | Offered knowledge of Freeze by Vehumet.
  3021 | D:3      | Reached skill level 6 in Conjurations
  3021 | D:3      | Reached XP level 5. HP: 16/28 MP: 10/13
  3250 | D:3      | Found a faded altar of an unknown god.
  3584 | D:3      | Reached XP level 6. HP: 18/32 MP: 0/15
  3962 | D:4      | Reached skill level 5 in Spellcasting
  4057 | D:4      | Found a hazy altar of Hepliaklqana.
  4058 | D:4      | Found a shimmering altar of Xom.
  4059 | D:4      | Noticed a spectral ugly thing
  4149 | D:4      | Reached skill level 7 in Conjurations
  4251 | D:4      | Reached XP level 7. HP: 36/36 MP: 12/17
  4324 | D:4      | Reached skill level 5 in Dodging
  4350 | D:4      | Reached ** piety under Vehumet
  4484 | D:4      | Offered knowledge of Foxfire by Vehumet.
  4487 | D:4      | Learned a level 1 spell: Foxfire
  5191 | D:5      | Entered Level 5 of the Dungeon
  5351 | D:5      | Reached skill level 8 in Conjurations
  5501 | D:5      | Got a jewelled mace
  5502 | D:5      | Lost strength.
  5502 | D:5      | Identified the cursed +1 mace of the Big Bang {vorpal,
                  | rPois MR+++ Str-5} (You found it on level 5 of the Dungeon)
  5599 | D:5      | Learned a level 3 spell: Mephitic Cloud
  5675 | D:5      | Reached XP level 8. HP: 41/41 MP: 14/19
  5790 | D:5      | Found a hide-covered altar of Uskayaw.
  5790 | D:5      | Noticed a +0 dagger
  5791 | D:5      | Noticed a +0 dagger
  6232 | D:5      | Reached skill level 9 in Conjurations
  6857 | D:5      | Offered knowledge of Ignite Poison by Vehumet.
  7119 | D:5      | Killed from afar by an electric eel

Illustrated notes

Levels and vault maps discovered:
D:1:      eino_arrival_tree_alley, layout_basic
D:2:      minmay_inner_zag, layout_basic, nicolae_overflow_crystal_walls
D:3:      minmay_razor_zed, layout_loops_ring, grunt_temple_overflow_holy_war,
          grunt_temple_overflow_forces_of_nature,
          chequers_ecumenical_altar_twisty, gammafunk_ghost_smash
D:4:      layout_basic, regret_index_temple_of_mockery
D:5:      cheibrodos_two_vegetables, layout_cave_pods, dancing_weapons_uskayaw,
          first_ration

Skill      XL: |  1  2  3  4  5  6  7  8 |
---------------+-------------------------+-----
Conjurations   | 5 6 7 8 9 |  9.4
Dodging        | 3 4 5 6 |  6.7
Spellcasting   | 4 5 6 7 |  7.4
Stealth        | |  2.4

Action                   |  1- 3 |  4- 6 |  7- 9 || total
-------------------------+-------+-------+-------++-------
Melee: Short sword       |     4 |     1 |       ||     5
       Long sword        |       |     1 |       ||     1
 Cast: Magic Dart        |    57 |    81 |    51 ||   189
       Searing Ray       |       |    23 |    19 ||    42
       Foxfire           |       |       |     9 ||     9
       Fulminant Prism   |       |       |     2 ||     2
  Use: Scroll            |       |     1 |    10 ||    11
 Stab: Sleeping          |     3 |       |       ||     3
  Eat: Chunk             |     1 |     9 |     5 ||    15
       Ration            |       |       |     1 ||     1
Armor: Robe              |       |       |     2 ||     2
Dodge: Dodged            |     8 |    17 |    22 ||    47
       Rpst.: Long sword |       |     4 |     5 ||     9
